 Dungeon Crawl Stone Soup version 0.26-a0-926-g43279f1ce9 (webtiles) character file.

Game seed: 16815253614900643913

121 KristoblXynda the Ducker (level 4, -1/39 HPs)
             Began as a Troll Hedge Wizard on Nov 26, 2020.
             Killed by divine providence
             ... invoked by an orc priest
              (11 damage)
             ... on level 3 of the Dungeon.
             The game lasted 00:03:28 (2064 turns).

KristoblXynda the Ducker (Troll Hedge Wizard)       Turns: 2064, Time: 00:03:29

Health: -1/39      AC:  6    Str: 18    XL:     4   Next: 77%
Magic:  6/6        EV: 10    Int: 11    God:
Gold:   130        SH:  0    Dex:  9    Spells: 7/7 levels left

rFire    . . .     SeeInvis .     - Unarmed
rCold    . . .     Faith    .   (no shield)
rNeg     . . .     Spirit   .   b - +0 robe
rPois    .         Reflect  .   c - +0 hat
rElec    .         Harm     .   h - scarf {+Inv}
rCorr    .         Rampage  .   (gloves unavailable)
MR       .....                  (boots unavailable)
Stlth    +.........             l - amulet of regeneration
HPRegen  0.53/turn              (no ring)
MPRegen  0.10/turn              (no ring)

@: no status effects
A: large, unfitting armour, claws 3, regeneration 1, shaggy fur 1, tough skin 3
a: Evoke Invisibility


You were on level 3 of the Dungeon.
You visited 1 branch of the dungeon, and saw 3 of its levels.

You collected 130 gold pieces.

Inventory:

Armour
 b - a +0 robe (worn)
 c - a +0 hat (worn)
 h - a scarf of invisibility (worn)
Jewellery
 g - an uncursed ring of fire {unknown}
 l - an amulet of regeneration (around neck)
Scrolls
 a - a scroll of identify
 d - a scroll of amnesia {unknown}
 e - 3 scrolls of remove curse {unknown}
 f - a scroll of random uselessness {unknown}
 m - a scroll of enchant armour {unknown}
Potions
 i - 2 potions of attraction
 j - a potion of curing
 k - a potion of mutation {unknown}


   Skills:
 + Level 2.6 Dodging
 - Level 1.0 Stealth
 + Level 2.3 Unarmed Combat
 - Level 2.0 Spellcasting
 + Level 1.9 Conjurations
 - Level 0.6 Summonings
 - Level 0.6 Translocations
 + Level 0.5 Evocations


You had 7 spell levels left.
You didn't know any spells.
Your spell library contained the following spells:

 Spells                   Type           Power        Failure   Level
 Magic Dart               Conj           #...         14%         1
 Blink                    Tloc           N/A          34%         2
 Call Imp                 Summ           #.......     34%         2
 Slow                     Hex            #.......     41%         2
 Conjure Flame            Conj/Fire      #.......     52%         3
 Mephitic Cloud           Conj/Pois/Air  #.......     56%         3


Dungeon Overview and Level Annotations

Branches:
Dungeon (3/15)

Altars:
Makhleb


Innate Abilities, Weirdness & Mutations

You are too large for most types of armour.
You have claws for hands.
Your natural rate of healing is unusually fast.
You are covered in fur. (AC +1)
You have extremely tough skin. (AC +3)


Message History

The orc is severely wounded.
The orc hits you but does no damage.
You claw the orc!
You kill the orc!
You claw the orc!
The orc is almost dead.
The orc closely misses you.
You closely miss the orc.
The orc is almost dead.
The orc priest mumbles some strange prayers to Beogh against you.
Beogh smites you! The orc hits you but does no damage.
You closely miss the orc.
The orc is almost dead.
The orc hits you with a +0 short sword!
* * * LOW HITPOINT WARNING * * *
You claw the orc!
You kill the orc!
The orc priest calls down the wrath of Beogh upon you.
Beogh smites you!
You die...

.......## o...... #.o...#
+.....# #....# #....#
#....# #...o####### ...#
#..og)@....# ...#
#...######## ...#
#...#########...##
##..##.)..............#
......................#
+#######'####.........#
##.....# #...###########
##.....####..............
##(....###.#...#...#...#..


You could see an orc priest, an orc and a hobgoblin.

Vanquished Creatures
  A gnoll (D:3)
  4 adders
  A worm (D:3)
  4 dart slugs
  A leopard gecko (D:1)
  3 orcs (D:3)
  5 giant cockroaches
  9 goblins
  5 hobgoblins
  3 jackals (D:2)
  5 kobolds
  7 bats
  4 frilled lizards
  8 rats
60 creatures vanquished.

Notes
Turn   | Place    | Note
-------+----------+-------------------------------------------
     0 | D:1      | KristoblXynda the Troll Hedge Wizard began the quest for
                  | the Orb.
     0 | D:1      | Reached XP level 1. HP: 16/16 MP: 2/2
   156 | D:1      | You fall into a shaft and drop 1 floor!
   233 | D:2      | Reached skill level 1 in Unarmed Combat
   233 | D:2      | Reached skill level 1 in Conjurations
   233 | D:2      | Reached XP level 2. HP: 21/24 MP: 4/4
   525 | D:2      | Reached XP level 3. HP: 30/31 MP: 5/5
  1318 | D:1      | Reached XP level 4. HP: 39/39 MP: 6/6
  1652 | D:3      | Found a burning altar of Makhleb.
  2064 | D:3      | Killed from afar by an orc priest

Illustrated notes

Levels and vault maps discovered:
D:1:      dpeg_arrival_more_subterranean_lakeside_camping, layout_rooms,
          grunt_decor_resistance, chequers_serial_rivers_micro_c,
          roderic_lattice_a
D:2:      layout_loops_cross
D:3:      layout_basic, lemuel_coloured_pillars_altar, grunt_ministairs_6,
          minivault_27, minmay_quadrilaterals

Skill      XL: |  1  2  3 |
---------------+----------+-----
Unarmed Combat | 1 2 |  2.3
Conjurations   | 1 |  1.9
Dodging        | 2 |  2.6
Stealth        | |  1.0
Spellcasting   | |  2.0
Summonings     | |  0.6
Translocations | |  0.6
Evocations     | |  0.5

Action                   |  1- 3 |  4- 6 || total
-------------------------+-------+-------++-------
Melee: Unarmed           |   115 |    70 ||   185
       Punch             |       |     1 ||     1
  Use: Scroll            |       |     2 ||     2
 Stab: Sleeping          |     2 |       ||     2
       Distracted        |     1 |       ||     1
Armor: Robe              |    60 |    21 ||    81
Dodge: Dodged            |    77 |    34 ||   111

Table legend: (Time is in decaauts)
 A = Elapsed time spent in this place.
 B = Non-inter-level travel time spent in this place.
 C = Inter-level travel time spent in this place.
 D = Time resting spent in this place.
 E = Time spent auto-exploring this place.
 F = Levels seen in this place.
 G = Mean time per level.
                   A        B        C        D        E       F      G
               +--------+--------+--------+--------+--------+-----+--------+
         Total |   2061 |   2015 |     46 |    298 |   1215 |   3 |  687.0 |
       Dungeon |   2061 |   2015 |     46 |    298 |   1215 |   3 |  687.0 |
               +--------+--------+--------+--------+--------+-----+--------+

Top non-repeatable levels by time:
     D:1: 937 daAuts
     D:2: 701 daAuts
     D:3: 422 daAuts
